 Dungeon Crawl Stone Soup version 0.30.0-15-g856e2d3f33 (webtiles) character file.

Game seed: 15053174063232679206

113 Jase the Shield-Bearer (level 5, -1/42 HPs)
             Began as a Formicid Fighter on May 18, 2023.
             Was a Believer of Elyvilon.
             Killed by divine providence
             ... invoked by an orc priest
              (8 damage)
             ... on level 3 of the Dungeon.
             The game lasted 00:10:18 (2189 turns).

Jase the Shield-Bearer (Formicid Fighter)           Turns: 2189, Time: 00:10:19

Health: -1/42      AC:  7    Str: 22    XL:     5   Next: 17%
Magic:  0/6        EV:  6    Int:  8    God:    Elyvilon [**....]
Gold:   154        SH:  5    Dex: 13    Spells: 4/4 levels left

rFire   . . .        a - +0 flail
rCold   . . .        c - +0 buckler
rNeg    . . .        b - +0 scale mail
rPois   .            (helmet unavailable)
rElec   .            (no cloak)
rCorr   .            (no gloves)
SInv    +            (no boots)
Will    .....        p - amulet of guardian spirit Stlth
                     (no ring)
HPRegen 0.27/turn    (no ring)
MPRegen 0.10/turn

%: guardian spirit
@: lethally poisoned (-1 -> -12), grasped by roots, constricted
A: permanent stasis, dig shafts and tunnels, antennae 3, four strong arms
a: Dig, Shaft Self, Renounce Religion, Purification, Heal Other


You were on level 3 of the Dungeon.
You worshipped Elyvilon.
Elyvilon was pleased with you.
You visited 1 branch of the dungeon, and saw 3 of its levels.

You collected 154 gold pieces.

Inventory:

Hand Weapons
 a - a +0 flail (weapon)
Missiles
 f - 3 poisoned darts (quivered)
 o - 6 boomerangs
Armour
 b - a +0 scale mail (worn)
 c - a +0 buckler (worn)
Jewellery
 p - an amulet of guardian spirit (around neck)
Wands
 n - a wand of roots (12)
Scrolls
 h - a scroll of identify {unknown}
 i - 2 scrolls of teleportation {unknown}
 j - a scroll of enchant armour {unknown}
 k - 2 scrolls of noise {unknown}
 r - a scroll of amnesia {unknown}
Potions
 d - a potion of might
 e - a potion of cancellation {unknown}
 g - 2 potions of curing
 l - a potion of flight {unknown}
 m - a potion of heal wounds {unknown}
 q - a potion of invisibility {unknown}


   Skills:
 + Level 4.0 Fighting
 + Level 2.8 Maces & Flails
 + Level 4.0 Armour
 + Level 4.8 Shields
 + Level 1.9 Invocations


You had 4 spell levels left.
You didn't know any spells.
Your spell library contained the following spells:

 Spells                   Type           Power      Damage    Failure   Level
 Apportation              Tloc           0%         N/A       80%         1
 Necrotise                Necr           0%         1d4       80%         1
 Summon Small Mammal      Summ           0%         N/A       80%         1
 Arcjolt                  Conj/Air       0%         1d10      100%        5
 Maxwell's Capacitive Co  Air            0%         ∞         100%        8
 Vhi's Electric Charge    Tloc/Air       Unusable   N/A       N/A         3

Dungeon Overview and Level Annotations

Branches:
Dungeon (3/15)

Altars:
Elyvilon

Annotations:
D:3 Ijyb


Innate Abilities, Weirdness & Mutations

You cannot be hasted, slowed, berserked, paralysed or teleported.
You can dig through walls and to a lower floor.
You have a pair of large antennae on your head. (SInv)
Your four strong arms can wield two-handed weapons with a shield.


Message History

You are poisoned.
The grasping roots constrict you.
You sock Ijyb!
Ijyb is heavily wounded.
You feel very sick.
Ijyb drinks a potion.
Ijyb is healed!
The grasping roots constrict you.
You hit the orc priest.
The orc priest is moderately wounded.
You feel sick. Ijyb screams, "Me kill you!" You block Ijyb's attack.
The grasping roots constrict you.
The orc priest hits you but does no damage.
The grasping roots release their grip on you.
You completely miss the orc priest.
The orc priest is moderately wounded.
You feel sick. Ijyb hits you but does no damage.
The orc priest hits you with a +0 flail.
You block Ijyb's attack.
The orc priest hits you but does no damage.
Unknown command.
You hit the orc priest.
The orc priest is heavily wounded.
You feel sick.
Ijyb zaps a wand.
The roots erupt in riotous growth!
The grasping roots grab you!
The orc is unaffected.
Ijyb is unaffected.
The orc priest is unaffected.
The grasping roots constrict you. The orc hits you with a +0 club.
The orc priest mumbles some strange prayers to Beogh against you.
Beogh smites you!
* * * LOW HITPOINT WARNING * * *
Unknown command.
You feel better.
Ijyb hits you with a +2 dagger of venom.
* * * LOW HITPOINT WARNING * * *
You are lethally poisoned!
The grasping roots constrict you.
* * * LOW HITPOINT WARNING * * *
The orc barely misses you.
The orc priest calls down the wrath of Beogh upon you.
Beogh smites you!
You die...

#⌠......(.
#.........
..........
##.........
#.........#
#..........
#..go.<....
#..@o.....#
####..#######
##......##
##........##
#..........#
#.............#
#..........##..
#..........# #
#.........^#


You could see Ijyb, an orc priest and an orc.

Vanquished Creatures
  Jessica (D:2)
  3 adders (D:2)
  A worm (D:2)
  2 dart slugs
  An endoplasm (D:1)
  3 giant cockroaches (D:1)
  4 goblins (D:2)
  7 hobgoblins
  9 jackals
  2 quokkas
  3 ball pythons
  3 frilled lizards (D:2)
  4 kobolds
  9 rats
52 creatures vanquished.

Notes
Turn   | Place    | Note
-------+----------+-------------------------------------------
     0 | D:1      | Jase the Formicid Fighter began the quest for the Orb.
     0 | D:1      | Reached XP level 1. HP: 18/18 MP: 1/1
   103 | D:1      | Found a faded altar of an unknown god.
   113 | D:1      | Prayed at the altar of an unknown god.
   113 | D:1      | Became a worshipper of Elyvilon the Healer
   113 | D:1      | Reached * piety under Elyvilon
   132 | D:1      | Reached XP level 2. HP: 24/24 MP: 2/2
   248 | D:1      | You fall into a shaft and drop 1 floor!
   564 | D:1      | Reached XP level 3. HP: 24/26 MP: 3/3
   647 | D:1      | Reached ** piety under Elyvilon
   988 | D:1      | Reached skill level 1 in Invocations
  1285 | D:2      | Noticed Jessica
  1295 | D:2      | Killed Jessica
  1296 | D:2      | Reached XP level 4. HP: 29/37 MP: 3/5
  1955 | D:2      | Reached XP level 5. HP: 42/42 MP: 6/6
  2176 | D:3      | Noticed Ijyb
  2189 | D:3      | Killed from afar by an orc priest

Illustrated notes

Levels and vault maps discovered:
D:1:      onia_arrival_pyramid, layout_basic, ebering_ecumenical_altar_petrified
D:2:      minmay_razor_zed, layout_basic, uniq_jessica
D:3:      layout_rooms, serial_shops, nicolae_shop_real_fake_doors, shop,
          nicolae_shop_window_shopping, nicolae_shop_gaudy_bauble, shop,
          uniq_ijyb, uniq_grinder

Skill      XL: |  1  2  3  4  5 |
---------------+----------------+-----
Invocations    | 1 |  1.9
Fighting       | 4 |  4.0
Armour         | 4 |  4.0
Maces & Flails | |  2.8
Shields        | |  4.8

Action                     |  1- 3 |  4- 6 || total
---------------------------+-------+-------++-------
  Melee: Flail             |    84 |    66 ||   150
Ability: Dig               |     1 |       ||     1
    Use: Potion            |       |     1 ||     1
 Armour: Scale mail        |    22 |    32 ||    54
  Dodge: Dodged            |    33 |    28 ||    61
  Block: Buckler           |    19 |    13 ||    32
